 Dungeon Crawl Stone Soup version 0.18.1-50-g88ac8fd (console) character file.

655485 Kloppie the Slayer (level 27, -3/242 HPs)
             Began as a Demonspawn Berserker on Oct 23, 2016.
             Was the Champion of Trog.
             Slain by a mottled draconian shifter
             ... wielding a +0 rapier
              (4 damage)
             ... on level 5 of the Realm of Zot.
             The game lasted 02:26:08 (67019 turns).

Kloppie the Slayer (Demonspawn Berserker)          Turns: 67019, Time: 02:26:09

Health: -3/242     AC: 30    Str: 29    XL:     27
Magic:  0/36       EV: 13    Int: 10    God:    Trog [******]
Gold:   1835       SH: 17    Dex:  5    Spells: 0 memorised, 26 levels left

rFire  + . .     SeeInvis +     a - +9 eveningstar {crush, rElec Str+2}
rCold  + + +     Gourm    .     j - +5 gold dragon armour
rNeg   + + .     Faith    .     g - +0 shield
rPois  +         Spirit   +     (helmet unavailable)
rElec  +         Dismiss  .     m - +2 cloak
rCorr  +         Reflect  .     t - +0 pair of gloves of the Trout {+Fly rElec MP+9}
SustAt .         Harm     .     E - +1 pair of boots {run}
MR     +++++                    P - amulet "Penekohe" {Spirit rElec MR++ Dex-2 SInv}
Stlth  ..........               s - ring of Hotzat {rCorr +Inv rPois rC++ Dex-4}
                                A - ring "Weagov" {rN+ MR+ SInv}

@: about to teleport, repel missiles, quick, almost entirely resistant to
hostile enchantments, extremely unstealthy
A: antennae 3, repulsion field 3, clumsy 2, deformed body, low mp 1, negative
energy resistance 1, nightstalker 3, spiny 3, 50% torment resistance, black mark
a: Berserk, Trog's Hand, Brothers in Arms, Burn Spellbooks, Renounce Religion,
Evoke Invisibility, Evoke Flight
0: Orb of Zot
}: 3/15 runes: decaying, silver, gossamer


You were on level 5 of the Realm of Zot.
You worshipped Trog.
Trog was exalted by your worship.
You were hungry.

You visited 9 branches of the dungeon, and saw 51 of its levels.
You also visited: Ossuary and Volcano.

You collected 7870 gold pieces.
You spent 6035 gold pieces at shops.

Inventory:

Hand Weapons
 a - the +9 eveningstar of Beyond (weapon) {crush, rElec Str+2}
   (You acquired it on level 12 of the Dungeon)

   It inflicts extra damage upon your enemies.
   It affects your strength (+2).
   It insulates you from electricity.
 b - a +5 demon whip of electrocution
Armour
 g - a +0 shield (worn)
 j - a +5 gold dragon armour (worn)
 m - a +2 cloak (worn)
 t - the +0 pair of gloves of the Trout (worn) {+Fly rElec MP+9}
   (You found it on level 5 of the Vaults)

   It insulates you from electricity.
   It affects your magic capacity (+9).
   It lets you fly.
 E - a +1 pair of boots of running (worn)
 V - the cursed +0 large shield of Purpose {MP+9 Str+3}
   (You found it on level 2 of the Depths)

   It affects your strength (+3).
   It affects your magic capacity (+9).
   It has a curse placed upon it.
Jewellery
 s - the ring of Hotzat (right hand) {rCorr +Inv rPois rC++ Dex-4}
   (You bought it in a shop on level 5 of the Vaults)

   [ring of resist corrosion]

   It affects your dexterity (-4).
   It greatly protects you from cold.
   It protects you from poison.
   It lets you turn invisible.
 y - the ring of Intercession {AC+5 Dex+5}
   (You took it off a deep elf archer on level 3 of the Elven Halls)

   [ring of protection]

   It affects your AC (+5).
   It affects your dexterity (+5).
 z - an uncursed amulet of regeneration
 A - the ring "Weagov" (left hand) {rN+ MR+ SInv}
   (You bought it in a shop on level 5 of the Vaults)

   [ring of see invisible]

   It protects you from negative energy.
   It affects your resistance to hostile enchantments.
   It lets you see invisible.
 O - a +5 amulet of reflection
 P - the amulet "Penekohe" (around neck) {Spirit rElec MR++ Dex-2 SInv}
   (You found it on level 5 of the Depths)

   [amulet of guardian spirit]

   It causes incoming damage to be split between your health and magic.
   It affects your dexterity (-2).
   It insulates you from electricity.
   It affects your resistance to hostile enchantments.
   It lets you see invisible.
 Y - the ring "Vyfe Sufa" {rPois rF+++ rC+ rN++ MR-}
   (You took it off a fire giant on level 4 of the Depths)

   [ring of protection from cold]

   It renders you almost immune to fire.
   It protects you from cold.
   It protects you from poison.
   It greatly protects you from negative energy.
   It affects your resistance to hostile enchantments.
 Z - an uncursed ring of flight
Wands
 u - a wand of heal wounds (1/9)
 C - a wand of disintegration (10/24)
 I - a wand of digging (12/24)
Scrolls
 f - a scroll of brand weapon
 i - 20 scrolls of remove curse
 k - a scroll of blinking
 o - a scroll of fog
 q - 2 scrolls of magic mapping
 w - 6 scrolls of teleportation
 G - a scroll of recharging
 H - 17 scrolls of identify
 J - a scroll of silence
 M - 2 scrolls of summoning
 N - 8 scrolls of fear
Potions
 d - 4 potions of cancellation
 e - 13 potions of curing
 p - 14 potions of haste
 r - 3 potions of cure mutation
 K - 2 potions of brilliance
 L - 2 potions of invisibility
 R - 4 potions of flight
 T - 2 potions of resistance
 X - 10 potions of agility
Comestibles
 c - 32 bread rations
 h - 4 chunks of flesh
 l - 20 beef jerkies
 n - a royal jelly
 v - 8 slices of pizza
 x - 12 meat rations
 B - a fruit


   Skills:
 + Level 25.1 Fighting
 - Level 17.1 Maces & Flails
 - Level 20.5 Armour
 - Level 13.5 Dodging
 + Level 24.5 Shields
 - Level 9.7 Evocations


You had 26 spell levels left.
You didn't know any spells.

Dungeon Overview and Level Annotations

Branches:
Dungeon (15/15)            Temple (0/1) D:7            Lair (8/8) D:8
  Swamp (4/4) Lair:4       Spider (4/4) Lair:3        Slime (0/6) Lair:6
    Orc (2/2) D:10            Elf (3/3) Orc:2        Vaults (5/5) D:13
  Crypt (0/3) Vaults:3     Depths (5/5) D:15            Zot (5/5) Depths:5

Altars:
Cheibriados
Fedhas
Okawaru
Ru
Sif Muna
Xom
Yredelemnul
The Shining One
Beogh
Jiyva

Shops:
D:8 :   D:11 [   D:12 *   Orc:2 [**%   Vaults:2 :   Vaults:4 *   Vaults:5 [=

Portals:
Hell: Depths:1 Depths:2 Depths:4 Depths:5
Abyss: Depths:4 Depths:5
Pandemonium: Depths:3 Depths:4
Ziggurat: Depths:2

Annotations:
D:10 exclusion: orange crystal statue
Elf:2 2 runed doors


Innate Abilities, Weirdness & Mutations

You have a pair of large antennae on your head (SInv).
You are surrounded by a strong repulsion field (EV +4, rMsl).
You resist negative energy.
You are completely attuned to the shadows.
You are completely covered in sharp spines.
You are somewhat able to resist unholy torments (1 in 2 success).
Your melee attacks may debilitate your foes.
You are very clumsy. (Dex -4)
Armour fits poorly on your strangely shaped body.
Your magical capacity is low (-10% MP).


Message History

The Orb Guardian misses you. The fire dragon breathes flames at you.
The blast of flame hits you! You resist.
* * * LOW HITPOINT WARNING * * *
You block the reaper's attack. You block the red devil's attack.
You block the mottled draconian shifter's attack.
Evoke which item? (* to show all) (? for menu, Esc to quit)
Zapping:
u - a wand of heal wounds (2/9)
Press: ? - help, Shift-Dir - straight line, f - you You feel much better.
This wand has 1 charge left.
The Orb Guardian is struck by your spines.
The Orb Guardian hits you!!
* * * LOW HITPOINT WARNING * * *
The fire dragon breathes flames at you. The blast of flame hits you!
You resist.
* * * LOW HITPOINT WARNING * * *
The Orb Guardian barely misses you.
The mottled draconian shifter is struck by your spines.
The mottled draconian shifter hits you with a rapier.
You die...

...#+#.).### #......# *,,8,,,
..,*,#..<).# #......# **,,,,,,
.*,#.#.[.).###......# *,,,,,,,
,*,#...))...........# *,,,,,,,
,*,...........^###### ***,,,,,,,
***##..........# #......#,,
,,,,#..........#########......#,,
***,#.......####*2§....#......#,,
*,#.......#<§X@§§....#......#,.
*,*.......####qD§[.).#......#..
*,*,.........4q§....[[.4.^[[#..
***,**##.......#........#.)..)...
,,,,,,*#.....###..5.....#..2)).##
***,*,*#.....###..4.....#....#.##
,,,,*,,,.........2...?..##...#...
*********##########▓▓▓▓########.#
**,,,,,,,,,,,,,,** #.........


You could see an orb of fire, 2 draconians, a fire dragon, an Orb Guardian, a
reaper and a red devil.

Vanquished Creatures
  5 orbs of fire
  6 ancient liches
  Mara (Vaults:2)
  A juggernaut (Depths:5)
  Boris (Vaults:3)
  The ghost of Ge0ff the Brawler, a veteran TrMo of Elyvilon (Vaults:5)
  Norris (Spider:4)
  Saint Roka (Orc:2)
  2 Killer Klowns (Zot:5)
  2 caustic shrikes (Depths:4)
  A curse toe (Zot:4)
  9 golden dragons
  An iron giant (Depths:4)
  Arachne (Spider:3)
  A bone dragon (Depths:5)
  5 liches
  3 electric golems
  7 tentacled monstrosities
  22 Orb Guardians (Zot:5)
  2 deep elf blademasters (Elf:3)
  A deep elf master archer (Elf:3)
  5 titans
  Frances (D:14)
  5 quicksilver dragons
  7 sphinxes
  13 death cobs
  2 thorn hunters
  6 storm dragons
  5 draconian monks
  8 shadow dragons
  Roxanne (Spider:3)
  10 fire giants
  7 deep elf sorcerers
  16 frost giants
  5 iron dragons
  9 tengu reavers
  Wiglaf (Spider:3)
  3 draconian knights
  A ghost moth (shapeshifter) (Vaults:5)
  2 draconian shifters
  5 draconian scorchers
  A caustic shrike zombie (Depths:2)
  A draconian zealot (Zot:4)
  5 deep elf elementalists
  5 orc warlords
  17 vault wardens
  4 ghouls (Depths:2)
  3 ghost moths
  11 ironheart preservers
  3 war gargoyles
  6 emperor scorpions (Spider:4)
  3 draconian annihilators
  20 very ugly things
  6 draconian callers
  3 salamander stormcallers
  5 black draconians
  10 green draconians
  8 vampire knights
  34 stone giants
  A juggernaut skeleton (Depths:2)
  3 deep elf annihilators
  9 purple draconians
  11 yellow draconians
  14 mottled draconians
  5 spark wasps
  7 red draconians
  14 white draconians
  Azrael (Spider:1)
  9 deep elf demonologists
  12 ettins
  5 deep elf death magi
  31 vault guards
  6 great orbs of eyes
  22 yaktaur captains
  A merfolk javelineer (Depths:5)
  2 jiangshi (Depths:3)
  An entropy weaver (shapeshifter) (Vaults:5)
  4 deep elf high priests
  20 fire dragons
  The ghost of Kloppie the Severer, a journeyman HOBe of Trog (Orc:1)
  13 entropy weavers
  24 hydras
  4 catoblepae (Lair:8)
  An ice dragon (shapeshifter) (Vaults:5)
  13 ice dragons
  5 rakshasas
  4 ghost crabs
  11 centaur warriors
  An alligator (shapeshifter) (Vaults:5)
  8 alligators
  11 ogre magi
  3 spriggan air magi
  26 dancing weapons
  4 death knights
  5 tengu warriors
  9 deep troll earth magi
  A vampire mage (Depths:3)
  10 death yaks (Lair:8)
  9 deep troll shamans
  Urug (D:14)
  6 orc high priests
  A titan zombie (Depths:3)
  28 deep elf knights
  12 hell knights
  8 spriggan berserkers
  A storm dragon zombie (Depths:2)
  3 shadow wraiths
  A fire crab (Vaults:3)
  5 skeletal warriors
  An iron troll (Depths:1)
  6 flayed ghosts
  2 spectral emperor scorpions (Spider:4)
  2 death drakes (shapeshifter)
  A spriggan druid (Swamp:4)
  7 death scarabs (Spider:4)
  3 shambling mangroves (Swamp:2)
  8 swamp dragons
  3 giant orange brains (Depths:5)
  26 deep trolls
  A phantasmal warrior (Vaults:1)
  16 deep elf archers
  A lindwurm (Lair:7)
  9 unseen horrors
  A golden dragon skeleton (Depths:3)
  16 orc knights
  22 hill giants
  2 spectral wolf spiders (Spider:4)
  8 ironbrand convokers
  2 mana vipers (shapeshifter)
  An iron dragon zombie (Depths:3)
  3 wizards
  2 wolf spider zombies (Spider:4)
  61 deep elf magi
  4 necromancers
  9 hornets
  45 ugly things
  18 orb spiders
  A frost giant zombie (Depths:2)
  A sphinx skeleton (Vaults:3)
  A griffon (shapeshifter) (Vaults:5)
  9 griffons
  9 cyclopes
  12 orc sorcerers
  2 tengu skeletons
  20 moths of wrath
  3 fire giant zombies (Depths:2)
  29 wolf spiders
  5 manticores
  A sixfirhy (Zot:5)
  2 moths of wrath (shapeshifter) (Depths:4)
  4 salamanders
  4 black mambas
  Joseph (D:8)
  15 vault sentinels
  4 stone giant skeletons
  A fire giant skeleton (Depths:3)
  An ice statue (D:12)
  3 frost giant skeletons (Vaults:3)
  3 molten gargoyles (Depths:3)
  A torpor snail (shapeshifter) (Vaults:2)
  2 centaur zombies
  2 gargoyles
  18 spiny frogs
  3 torpor snails
  3 large abominations (Depths:2)
  2 kobold demonologists
  An elf skeleton (Depths:2)
  2 spriggan zombies (Depths:2)
  8 freezing wraiths
  5 spectral redbacks (Spider:4)
  2 spriggan skeletons
  18 demonic crawlers
  An efreet (D:13)
  62 yaktaurs
  A rime drake (Lair:4)
  4 tengu conjurers
  A rime drake (shapeshifter) (Vaults:4)
  A yaktaur skeleton (Vaults:3)
  8 komodo dragons
  A queen bee (Lair:7)
  A redback zombie (Spider:4)
  5 human skeletons
  A two-headed ogre (shapeshifter) (Depths:4)
  8 trolls
  33 jumping spiders
  A jumping spider (shapeshifter) (Vaults:1)
  A polar bear (Lair:8)
  Grinder (D:5)
  22 two-headed ogres
  A spectral jumping spider (Spider:4)
  5 bog bodies
  A harpy skeleton (D:15)
  3 tarantella zombies (Spider:4)
  8 giant leeches
  An ettin zombie (Depths:3)
  3 spectral tarantellas (Spider:4)
  12 blink frogs
  3 spectral hornets (Spider:4)
  3 boulder beetles
  A human simulacrum (Vaults:1)
  2 flying skulls (Depths:2)
  3 air elementals
  53 slime creatures
  A vampire (D:12)
  8 spriggans
  97 redbacks
  2 shadows
  6 wraiths
  2 ettin skeletons (Vaults:3)
  30 tarantellas
  2 wyverns
  6 water elementals
  72 yaks
  A human (shapeshifter) (Depths:1)
  The ghost of Kloppie the Chopper, an amateur HOFi (D:3)
  8 fire elementals
  22 vampire mosquitoes
  A basilisk (shapeshifter) (Vaults:3)
  2 basilisks (D:15)
  A hog (shapeshifter) (D:15)
  A steam dragon (D:14)
  2 hungry ghosts
  13 hippogriffs
  A mottled dragon (Vaults:2)
  A neqoxec (Zot:5)
  11 swamp worms
  3 insubstantial wisps (Swamp:3)
  10 wargs
  A soldier ant (D:10)
  A swamp worm (shapeshifter) (Vaults:3)
  18 water moccasins
  4 hell hounds (Spider:1)
  56 orc warriors
  13 porcupines
  6 sky beasts
  5 ice beasts
  13 swamp drakes
  2 black bears
  16 wasps
  A necrophage (D:10)
  2 ogres (shapeshifter) (Vaults:5)
  2 eyes of draining
  3 phantoms
  A wolf (shapeshifter) (Depths:4)
  5 boggarts
  20 wolves
  56 ogres
  19 centaurs
  12 crocodiles
  2 big kobolds
  11 giant frogs
  An earth elemental (Depths:4)
  2 water moccasin zombies (Ossuary)
  7 scorpions
  29 killer bees
  2 electric eels
  11 wights
  9 howler monkeys
  A howler monkey (shapeshifter) (Vaults:5)
  7 crimson imps
  3 giant frog zombies
  41 orc priests
  5 hounds
  2 jellies
  4 giant frog skeletons
  An iron imp (Depths:3)
  12 iguanas
  Ijyb (D:2)
  An iguana (shapeshifter) (Vaults:5)
  17 worker ants
  36 orc wizards
  A killer bee zombie (D:8)
  32 sheep
  4 big kobold zombies (Ossuary)
  A hound skeleton (D:4)
  A hound zombie (D:7)
  2 mummies (Ossuary)
  5 worker ant zombies
  A howler monkey zombie (D:6)
  A howler monkey skeleton (D:6)
  10 gnolls
  11 adders
  63 river rats
  3 shadow imps
  An ooze (D:4)
  9 adder zombies
  3 worms
  2 dart slugs
  2 giant geckos
  147 orcs
  2 ball pythons
  6 giant cockroaches
  5 gnoll zombies (Ossuary)
  10 goblins
  11 hobgoblins
  4 jackals
  5 quokkas
  6 bats
  A giant gecko skeleton (D:5)
  5 giant newts
  6 hobgoblin zombies (Ossuary)
  A jackal zombie (D:5)
  16 kobolds
  4 kobold zombies (Ossuary)
  4 orc zombies (Ossuary)
  7 rats
  2 briar patches (Swamp:2)
  A fire vortex (Volcano)
2627 creatures vanquished.

Vanquished Creatures (collateral kills)
  the Lernaean hydra (Swamp:4)
  2 hydras (Swamp:4)
  A ghost crab (Swamp:4)
  A death scarab (Spider:4)
  3 swamp dragons (Swamp:4)
  A demonic crawler (Spider:4)
  2 jumping spider zombies (Spider:4)
  2 centaurs (Vaults:1)
13 creatures vanquished.

Vanquished Creatures (others)
  A deep elf master archer (Elf:3)
  2 fire giants (Depths:4)
  A frost giant (Vaults:5)
  A draconian knight (Zot:1)
  2 draconian scorchers
  3 draconian shifters
  A green draconian (Zot:4)
  A red draconian (Zot:4)
  2 tengu warriors
  2 deep elf knights
  6 deep elf archers
  A necromancer (Depths:5)
  3 yaktaurs
  2 redbacks
  2 orc warriors
  An ogre (Depths:3)
  A centaur (Depths:3)
  A sheep (D:14)
  4 orcs
  5 fungi
  14 plants
  A withered plant (D:8)
57 creatures vanquished.

Grand Total: 2697 creatures vanquished

Notes
Turn   | Place    | Note
--------------------------------------------------------------
     0 | D:1      | Kloppie the Demonspawn Berserker began the quest for the Orb.
     0 | D:1      | Reached XP level 1. HP: 18/18 MP: 1/1
   382 | D:1      | Gained mutation: You are surrounded by a mild repulsion field (EV +2). [demonic ancestry]
   382 | D:1      | Reached XP level 2. HP: 21/24 MP: 2/2
   557 | D:2      | Reached ** piety under Trog
   854 | D:2      | Gained mutation: You are partially covered in sharp spines. [demonic ancestry]
   854 | D:2      | Reached XP level 3. HP: 27/29 MP: 3/3
   919 | D:2      | Found a faded altar to an unknown god.
   954 | D:2      | Noticed Ijyb
   971 | D:2      | Killed Ijyb
   971 | D:2      | Gained mutation: You are mostly covered in sharp spines. [demonic ancestry]
   971 | D:2      | Reached XP level 4. HP: 35/35 MP: 4/4
   972 | D:2      | Found a sacrificial altar of Ru.
  1190 | D:2      | Found a shimmering altar of Xom.
  1309 | D:3      | Noticed Kloppie's ghost (amateur HOFi)
  1319 | D:3      | Killed Kloppie's ghost
  1319 | D:3      | Gained mutation: You are completely covered in sharp spines. [demonic ancestry]
  1319 | D:3      | Reached XP level 5. HP: 31/41 MP: 5/5
  1541 | D:3      | Gained mutation: You are surrounded by a moderate repulsion field (EV +3). [demonic ancestry]
  1541 | D:3      | Reached XP level 6. HP: 46/47 MP: 6/6
  1746 | D:3      | Reached *** piety under Trog
  1907 | D:3      | Found an iron altar of Okawaru.
  2052 | D:4      | Reached skill level 5 in Maces & Flails
  2109 | D:4      | Reached XP level 7. HP: 27/52 MP: 7/7
  2116 | D:4      | Reached skill level 5 in Armour
  2262 | D:4      | Found a sand-covered staircase.
  2568 | D:4      | Found a snail-covered altar of Cheibriados.
  2605 | D:5      | Entered Level 5 of the Dungeon
  2980 | D:5      | Reached **** piety under Trog
  3268 | D:5      | Noticed Grinder
  3347 | D:5      | Paralysed by Grinder for 2 turns
  3353 | D:5      | Killed Grinder
  3353 | D:5      | Reached skill level 4 in Fighting
  3353 | D:5      | Gained mutation: You are surrounded by a strong repulsion field (EV +4, rMsl). [demonic ancestry]
  3353 | D:5      | Reached XP level 8. HP: 33/60 MP: 8/8
  3687 | D:6      | Reached skill level 5 in Fighting
  3779 | D:6      | Got a dazzling long sword
  3830 | D:6      | Identified the +5 long sword "Xaheco" {speed, *Confuse Str+7 Int+4 SInv} (You found it on level 6 of the Dungeon)
  4093 | D:7      | Reached skill level 6 in Fighting
  4128 | D:7      | Reached XP level 9. HP: 64/70 MP: 9/9
  4209 | D:7      | Identified a +0 pair of boots of running (You found it on level 7 of the Dungeon)
  4257 | D:7      | Found a staircase to the Ecumenical Temple.
  4301 | D:7      | Reached skill level 7 in Fighting
  4421 | D:7      | Reached ***** piety under Trog
  4537 | D:8      | Found a staircase to the Lair.
  4538 | D:8      | Noticed a komodo dragon
  4561 | D:8      | Killed a komodo dragon
  4618 | D:8      | Reached skill level 8 in Fighting
  4644 | D:8      | Found Adytunud's Book Emporium.
  4703 | D:8      | Found a sand-covered staircase.
  4712 | Ossuary  | Entered an ossuary
  4898 | D:8      | Noticed Joseph
  4916 | D:8      | Killed Joseph
  4923 | D:8      | Reached XP level 10. HP: 37/82 MP: 10/10
  5178 | D:8      | Reached skill level 9 in Fighting
  5258 | D:8      | Found a blossoming altar of Fedhas.
  5270 | D:8      | Reached skill level 1 in Shields
  5304 | D:8      | Reached skill level 10 in Maces & Flails
  5357 | D:8      | Found a basalt altar of Yredelemnul.
  5642 | D:8      | Found a glowing golden altar of the Shining One.
  5844 | D:9      | Received a gift from Trog
  6310 | D:10     | Entered Level 10 of the Dungeon
  6875 | D:10     | Reached skill level 5 in Shields
  6905 | D:10     | Found a staircase to the Orcish Mines.
  7168 | D:10     | Noticed an orange crystal statue
  7495 | Lair:1   | Entered Level 1 of the Lair of Beasts
  7703 | Lair:1   | Gained mutation: You are slightly more attuned to the shadows. [demonic ancestry]
  7703 | Lair:1   | Reached XP level 11. HP: 87/89 MP: 11/11
  8310 | Lair:2   | Received a gift from Trog
  9391 | Lair:3   | Found a dark tunnel.
  9399 | Volcano  | Entered a volcano
  9743 | Lair:3   | Got a polished scale mail
  9846 | Lair:3   | Received a gift from Trog
  9868 | Lair:3   | Found a hole to the Spider Nest.
 10429 | Lair:3   | Identified the +4 scale mail "Sooboe Qedgh" {rElec rN+} (You found it on level 3 of the Lair of Beasts)
 10899 | Lair:4   | Reached XP level 12. HP: 92/95 MP: 12/12
 11112 | Lair:4   | Found a staircase to the Swamp.
 11705 | Lair:5   | Noticed a six-headed hydra
 11714 | Lair:5   | Killed a six-headed hydra
 12101 | Lair:6   | Received a gift from Trog
 12127 | Lair:6   | Found a viscous altar of Jiyva.
 12161 | Lair:6   | Found a staircase to the Slime Pits.
 12369 | Lair:6   | Reached skill level 10 in Shields
 13126 | Lair:7   | Reached ****** piety under Trog
 13778 | Lair:7   | Received a gift from Trog
 14288 | D:11     | Found Awevatur's Armour Emporium.
 14296 | D:11     | Reached XP level 13. HP: 84/101 MP: 10/13
 15688 | D:12     | Received a gift from Trog
 15790 | D:12     | Found Seastrume's Assorted Antiques.
 15793 | D:12     | Bought a scroll labeled EWYORGH TEPHIFY for 25 gold pieces
 15793 | D:12     | Bought a scroll labeled DIDYRO TIDWA for 25 gold pieces
 15793 | D:12     | Bought a scroll of identify for 50 gold pieces
 15793 | D:12     | Bought a scroll of identify for 50 gold pieces
 15793 | D:12     | Bought a scroll of identify for 50 gold pieces
 15794 | D:12     | Got a transparent eveningstar
 15796 | D:12     | Identified the +9 eveningstar of Beyond {crush, rElec Str+2} (You acquired it on level 12 of the Dungeon)
 16279 | D:13     | Found a gate to the Vaults.
 16279 | D:13     | Noticed a vault guard
 16279 | D:13     | Noticed a vault guard
 16279 | D:13     | Noticed a vault guard
 16282 | D:13     | Noticed a vault guard
 16289 | D:13     | Killed a vault guard
 16301 | D:13     | Killed a vault guard
 16307 | D:13     | Noticed an ironheart preserver
 16345 | D:12     | Killed a vault guard
 16356 | D:12     | Killed a vault guard
 16387 | D:13     | Killed an ironheart preserver
 17209 | D:13     | Reached XP level 14. HP: 103/108 MP: 14/14
 17699 | D:14     | Noticed Urug
 17709 | D:14     | Killed Urug
 17778 | D:14     | Received a gift from Trog
 17813 | D:14     | Reached skill level 10 in Armour
 17983 | D:14     | Gained mutation: You have a pair of small antennae on your head. [demonic ancestry]
 17983 | D:14     | Reached XP level 15. HP: 109/113 MP: 13/15
 17998 | D:14     | Noticed Frances
 18012 | D:14     | Killed Frances
 18800 | Orc:1    | Entered Level 1 of the Orcish Mines
 19100 | Lair:8   | Entered Level 8 of the Lair of Beasts
 19342 | Lair:8   | Received a gift from Trog
 19772 | Lair:8   | Reached skill level 15 in Shields
 19790 | Lair:8   | HP: 6/169 [yak (10)]
 20635 | D:11     | Bought a +4 chain mail of poison resistance for 370 gold pieces
 20851 | Swamp:1  | Entered Level 1 of the Swamp
 21161 | Swamp:1  | Reached skill level 10 in Fighting
 21286 | Swamp:1  | Gained mutation: You have a pair of antennae on your head. [demonic ancestry]
 21286 | Swamp:1  | Reached XP level 16. HP: 113/122 MP: 13/16
 21572 | Swamp:1  | Found a deep blue altar of Sif Muna.
 22423 | Swamp:2  | Reached skill level 11 in Fighting
 22496 | Swamp:2  | Noticed a thorn hunter
 22513 | Swamp:2  | Killed a thorn hunter
 22864 | Swamp:2  | Reached skill level 15 in Maces & Flails
 23014 | Swamp:2  | Received a gift from Trog
 23718 | Swamp:3  | Got a warped silver ring
 23720 | Swamp:3  | Identified the ring "Vatsonwu" {*Tele MR+ Slay+2} (You found it on level 3 of the Swamp)
 23879 | Swamp:4  | Entered Level 4 of the Swamp
 23879 | Swamp:4  | Noticed a thorn hunter
 23885 | Swamp:4  | Killed a thorn hunter
 23897 | Swamp:4  | Reached skill level 12 in Fighting
 24083 | Swamp:4  | Gained mutation: Your mind is acute. (Int +2) [potion of beneficial mutation]
 24084 | Swamp:4  | Gained mutation: You have sharp toenails. [potion of beneficial mutation]
 24205 | Swamp:4  | Noticed the 27-headed Lernaean hydra
 24216 | Swamp:4  | HP: 3/127 [the 27-headed Lernaean hydra (12)]
 24897 | Swamp:4  | Killed the 26-headed Lernaean hydra
 24897 | Swamp:4  | Received a gift from Trog
 24997 | Swamp:4  | Got a decaying rune of Zot
 25053 | Swamp:4  | Reached skill level 13 in Fighting
 25491 | Orc:1    | Reached XP level 17. HP: 95/136 MP: 17/17
 25688 | Orc:1    | Noticed Kloppie's ghost (journeyman HOBe)
 25701 | Orc:1    | Killed Kloppie's ghost
 25956 | Orc:1    | Received a gift from Trog
 26643 | Orc:2    | Entered Level 2 of the Orcish Mines
 26893 | Orc:2    | Found a roughly hewn altar of Beogh.
 26912 | Orc:2    | Found Gucaf's Food Boutique.
 26936 | Orc:2    | Found Bobe's Assorted Antiques.
 26946 | Orc:2    | Bought 2 scrolls of identify for 152 gold pieces
 27371 | Orc:2    | Found a staircase to the Elven Halls.
 27432 | Orc:2    | Received a gift from Trog
 27558 | Orc:2    | Found Aril's Assorted Antiques.
 27619 | Orc:2    | Noticed Saint Roka
 27648 | Orc:2    | Killed Saint Roka
 27754 | Orc:2    | Found a roughly hewn altar of Beogh.
 27844 | Orc:2    | Found Gulasop's Antique Armour Emporium.
 27864 | Orc:2    | Bought a faintly humming plate armour for 784 gold pieces
 27874 | Orc:2    | Identified the +4 plate armour of the Invisible Hand {MP+9} (You bought it in a shop on level 2 of the Orcish Mines)
 28405 | D:8      | Bought a manual of Dodging for 1545 gold pieces
 28515 | Spider:1 | Entered Level 1 of the Spider Nest
 28524 | Spider:1 | Reached skill level 5 in Dodging
 28650 | Spider:1 | Received a gift from Trog
 28715 | Spider:1 | Noticed Azrael
 28732 | Spider:1 | Killed Azrael
 29359 | Spider:2 | Got a brightly glowing chain mail
 29431 | Spider:2 | Received a gift from Trog
 30094 | Spider:2 | Identified the cursed +0 chain mail of Ethics {rPois MR+ Int-2 SInv} (You found it on level 2 of the Spider Nest)
 30173 | Spider:3 | Noticed Wiglaf
 30187 | Spider:3 | Killed Wiglaf
 30229 | Spider:3 | Reached XP level 18. HP: 85/144 MP: 18/18
 30518 | Spider:3 | Reached skill level 10 in Dodging
 30552 | Spider:3 | Noticed Arachne
 30617 | Spider:3 | Killed Arachne
 30675 | Spider:3 | Noticed Roxanne
 30970 | Spider:3 | Received a gift from Trog
 31167 | Spider:3 | Killed Roxanne
 31325 | Spider:4 | Entered Level 4 of the Spider Nest
 31673 | Spider:4 | Received a gift from Trog
 31692 | Spider:4 | Noticed Norris
 31727 | Spider:4 | Killed Norris
 32898 | Spider:4 | Got a gossamer rune of Zot
 33231 | D:11     | Received a gift from Trog
 33231 | D:11     | Reached skill level 15 in Armour
 33297 | Vaults:1 | Entered Level 1 of the Vaults
 33537 | Vaults:1 | Gained mutation: You resist negative energy. [demonic ancestry]
 33537 | Vaults:1 | Reached XP level 19. HP: 145/151 MP: 19/19
 33684 | Vaults:1 | Reached skill level 14 in Fighting
 34039 | Vaults:1 | Reached skill level 15 in Fighting
 34373 | Vaults:1 | Received a gift from Trog
 34917 | Vaults:1 | Reached skill level 16 in Fighting
 35413 | Vaults:2 | Received a gift from Trog
 35521 | Vaults:2 | Found Faradd's Book Shop.
 35570 | Vaults:2 | Noticed Mara
 35588 | Vaults:2 | Noticed Kloppie's illusion
 35643 | Vaults:2 | Noticed Kloppie's illusion
 35644 | Vaults:2 | Killed Mara
 35644 | Vaults:2 | Reached skill level 17 in Fighting
 36161 | Vaults:2 | Gained mutation: You are significantly more attuned to the shadows. [demonic ancestry]
 36161 | Vaults:2 | Reached XP level 20. HP: 139/170 MP: 20/20
 36175 | Vaults:2 | Received a gift from Trog
 36185 | Vaults:2 | Got an iridescent morningstar {god gift}
 36190 | Vaults:2 | Identified the +4 morningstar "Ilauton" {crush, rElec Int+3 Dex+2} (Trog gifted it to you on level 2 of the Vaults)
 36437 | Vaults:2 | Reached skill level 18 in Fighting
 36574 | Vaults:3 | Found a staircase to the Crypt.
 37250 | Vaults:3 | Noticed Boris
 37270 | Vaults:3 | Killed Boris
 37292 | Vaults:3 | Received a gift from Trog
 37372 | Vaults:3 | Reached skill level 19 in Fighting
 37885 | Vaults:3 | Paralysed by a giant eyeball for 2 turns
 37911 | Vaults:3 | Received a gift from Trog
 38249 | Vaults:4 | Found Bem Wedee's General Store.
 38255 | Vaults:4 | Bought a scroll of identify for 40 gold pieces
 38343 | Vaults:4 | Reached skill level 20 in Fighting
 39097 | Vaults:4 | Received a gift from Trog
 39557 | Vaults:2 | Gained mutation: You have a pair of large antennae on your head (SInv). [demonic ancestry]
 39557 | Vaults:2 | Reached XP level 21. HP: 163/181 MP: 21/21
 39663 | D:15     | Entered Level 15 of the Dungeon
 40139 | D:15     | Got a faintly humming buckler
 40140 | D:15     | Identified the cursed +0 buckler "Uhet" {rElec rPois Str-3 Int+4} (You found it on level 15 of the Dungeon)
 40407 | D:15     | Found a staircase to the Depths.
 40726 | D:15     | Found a runed door.
 41001 | D:15     | Received a gift from Trog
 41072 | D:15     | Found a roughly hewn altar of Beogh.
 41201 | Depths:1 | Entered Level 1 of the Depths
 41652 | Depths:1 | Found a gateway to Hell.
 41899 | Depths:1 | Got a steaming tin ring
 41900 | Depths:1 | Identified the ring "Semegok" {rElec Int+2} (You found it on level 1 of the Depths)
 42625 | Depths:2 | Received a gift from Trog
 42662 | Depths:2 | Got a jewelled large shield
 42663 | Depths:2 | Identified the cursed +0 large shield of Purpose {MP+9 Str+3} (You found it on level 2 of the Depths)
 42847 | Depths:2 | Reached skill level 1 in Evocations
 43265 | Depths:2 | Found a gateway to a ziggurat.
 43456 | Depths:2 | Reached skill level 5 in Evocations
 43554 | Depths:2 | Gained mutation: You are completely attuned to the shadows. [demonic ancestry]
 43554 | Depths:2 | Reached XP level 22. HP: 187/188 MP: 21/26
 44238 | Depths:3 | Received a gift from Trog
 44305 | Depths:3 | Found a one-way gate leading to the halls of Pandemonium.
 45564 | Depths:4 | Found a one-way gate to the infinite horrors of the Abyss.
 45584 | Depths:4 | Noticed a caustic shrike
 45598 | Depths:4 | Killed a caustic shrike
 45606 | Depths:4 | Paralysed by a vampire knight for 4 turns
 46112 | Depths:4 | Got a crystal demon blade {vamp}
 46131 | Depths:4 | Identified the cursed +1 demon blade of Hatred {vamp, rF+ Str+9} (You took it off a centaur warrior on level 4 of the Depths)
 46212 | Depths:4 | Received a gift from Trog
 46300 | Depths:4 | Noticed a caustic shrike
 47008 | Depths:4 | Reached XP level 23. HP: 165/196 MP: 30/30
 47369 | Depths:4 | Killed a caustic shrike
 47477 | Depths:4 | Received a gift from Trog
 47486 | Depths:4 | Got a scintillating steel ring
 47491 | Depths:4 | Identified the ring "Vyfe Sufa" {rPois rF+++ rC+ rN++ MR-} (You took it off a fire giant on level 4 of the Depths)
 48114 | Elf:1    | Entered Level 1 of the Elven Halls
 49242 | Elf:2    | Found a large runed door.
 49242 | Elf:2    | Found a large runed door.
 49265 | Elf:2    | Found a large runed door.
 49265 | Elf:2    | Found a large runed door.
 49337 | Elf:2    | Received a gift from Trog
 50229 | Elf:3    | Entered Level 3 of the Elven Halls
 50771 | Elf:3    | Received a gift from Trog
 51597 | Elf:3    | Got a crude golden ring
 51598 | Elf:3    | Identified the ring of Intercession {AC+5 Dex+5} (You took it off a deep elf archer on level 3 of the Elven Halls)
 52132 | Vaults:5 | Entered Level 5 of the Vaults
 52141 | Vaults:4 | Received a gift from Trog
 52168 | Vaults:4 | Reached XP level 24. HP: 119/204 MP: 30/30
 52719 | Vaults:5 | Paralysed by an ogre mage for 5 turns
 52906 | Vaults:5 | Received a gift from Trog
 53386 | Vaults:5 | Noticed an ancient lich
 53412 | Vaults:5 | Killed an ancient lich
 53831 | Vaults:5 | Found Fufiem's Jewellery Shoppe.
 53835 | Vaults:5 | Bought the ring "Weagov" {rN+ MR+ SInv} for 413 gold pieces
 53858 | Vaults:5 | Received a gift from Trog
 53894 | Vaults:5 | Noticed Ge0ff's ghost (veteran TrMo)
 53939 | Vaults:5 | Killed Ge0ff's ghost
 54013 | Vaults:5 | Noticed an ancient lich
 54031 | Vaults:5 | Killed an ancient lich
 54509 | Vaults:4 | Gained mutation: You are somewhat able to resist unholy torments (1 in 2 success). [demonic ancestry]
 54509 | Vaults:4 | Reached XP level 25. HP: 126/212 MP: 30/30
 54571 | Vaults:4 | Received a gift from Trog
 54655 | Vaults:4 | Got a scorched executioner's axe {god gift}
 54656 | Vaults:4 | Identified the +5 executioner's axe "Ultimatum" {drain, *Drain +Rage rPois rC+ Int-5} (Trog gifted it to you on level 4 of the Vaults)
 55921 | Vaults:5 | Reached skill level 21 in Fighting
 56170 | Vaults:5 | Got a pair of transparent gloves
 56181 | Vaults:5 | Identified the +0 pair of gloves of the Trout {+Fly rElec MP+9} (You found it on level 5 of the Vaults)
 56210 | Vaults:5 | Got a silver rune of Zot
 56432 | Vaults:5 | Found Fabaiqut's Antique Armour Boutique.
 56710 | Depths:5 | Entered Level 5 of the Depths
 56846 | Depths:5 | Received a gift from Trog
 57070 | Depths:5 | Found a gate to the Realm of Zot.
 57727 | Vaults:5 | Bought the ring of Hotzat {rCorr +Inv rPois rC++ Dex-4} for 614 gold pieces
 58131 | Depths:5 | Noticed a juggernaut
 58142 | Depths:5 | Killed a juggernaut
 58532 | Depths:5 | Received a gift from Trog
 58646 | Depths:5 | Got a bound jade amulet
 58647 | Depths:5 | Identified the amulet "Penekohe" {Spirit rElec MR++ Dex-2 SInv} (You found it on level 5 of the Depths)
 59214 | Zot:1    | Entered Level 1 of the Realm of Zot
 59376 | Zot:1    | Reached skill level 22 in Fighting
 60001 | Zot:1    | Reached XP level 26. HP: 146/225 MP: 26/30
 60463 | D:12     | Bought a scroll of enchant armour for 187 gold pieces
 60621 | Orc:2    | Bought a scroll of enchant armour for 202 gold pieces
 60621 | Orc:2    | Bought a pair of embroidered boots for 121 gold pieces
 60621 | Orc:2    | Bought 2 potions of haste for 540 gold pieces
 60621 | Orc:2    | Bought a scroll of blinking for 202 gold pieces
 60702 | Orc:2    | Bought a potion of haste for 380 gold pieces
 60702 | Orc:2    | Bought a scroll of enchant armour for 285 gold pieces
 61029 | Zot:1    | Noticed an orb of fire
 61033 | Zot:1    | Gained mutation: Scrolls take you a little longer to read. [an orb of fire]
 61040 | Zot:1    | Gained mutation: You are clumsy. (Dex -2) [an orb of fire]
 61050 | Zot:1    | Lost mutation: Scrolls take you a little longer to read. [an orb of fire]
 61051 | Zot:1    | Killed an orb of fire
 62914 | Zot:4    | Reached skill level 23 in Fighting
 62933 | Zot:4    | Received a gift from Trog
 63241 | Zot:4    | Noticed an orb of fire
 63254 | Zot:4    | HP: 3/229 [orb of fire/bolt of fire (22)]
 63263 | Zot:4    | Gained mutation: You tend to lose your temper in combat. [an orb of fire]
 64333 | Zot:4    | Gained mutation: You are weak. (Str -2) [an orb of fire]
 64342 | Zot:4    | Killed an orb of fire
 64834 | Zot:5    | Entered Level 5 of the Realm of Zot
 65007 | Zot:5    | Gained mutation: Your melee attacks may debilitate your foes. [demonic ancestry]
 65007 | Zot:5    | Reached XP level 27. HP: 205/237 MP: 30/30
 65061 | Zot:5    | Received a gift from Trog
 65200 | Zot:5    | Noticed an ancient lich
 65212 | Zot:5    | Killed an ancient lich
 65212 | Zot:5    | Reached skill level 24 in Fighting
 65284 | Zot:5    | Noticed an ancient lich
 65703 | Zot:5    | Killed an ancient lich
 65788 | Zot:5    | Noticed an ancient lich
 65802 | Zot:5    | Killed an ancient lich
 65988 | Zot:5    | Noticed an ancient lich
 66000 | Zot:5    | Killed an ancient lich
 66294 | Zot:5    | Noticed an orb of fire
 66301 | Zot:5    | Killed an orb of fire
 66331 | Zot:5    | Noticed an orb of fire
 66331 | Zot:5    | Gained mutation: Your body sometimes deteriorates upon taking damage. [an orb of fire]
 66339 | Zot:5    | Gained mutation: You are occasionally teleported next to monsters. [an orb of fire]
 66342 | Zot:5    | Gained mutation: You are very weak. (Str -4) [an orb of fire]
 66364 | Zot:5    | Killed an orb of fire
 66369 | Zot:5    | Lost mutation: Your body sometimes deteriorates upon taking damage. [potion of cure mutation]
 66369 | Zot:5    | Lost mutation: You tend to lose your temper in combat. [potion of cure mutation]
 66369 | Zot:5    | Lost mutation: You are very weak. (Str -4) [potion of cure mutation]
 66369 | Zot:5    | Lost mutation: Your mind is acute. (Int +2) [potion of cure mutation]
 66370 | Zot:5    | Lost mutation: You are weak. (Str -2) [potion of cure mutation]
 66370 | Zot:5    | Lost mutation: You are occasionally teleported next to monsters. [potion of cure mutation]
 66370 | Zot:5    | Lost mutation: You are clumsy. (Dex -2) [potion of cure mutation]
 66370 | Zot:5    | Lost mutation: You have sharp toenails. [potion of cure mutation]
 66779 | Zot:5    | Reached skill level 25 in Fighting
 66829 | Zot:5    | Noticed an orb of fire
 66830 | Zot:5    | Gained mutation: Your magical capacity is low (-10% MP). [an orb of fire]
 66835 | Zot:5    | Gained mutation: You are clumsy. (Dex -2) [an orb of fire]
 66844 | Zot:5    | Gained mutation: You are very clumsy. (Dex -4) [an orb of fire]
 66849 | Zot:5    | Killed an orb of fire
 66901 | Zot:5    | Got the Orb of Zot
 66975 | Zot:5    | Noticed an orb of fire
 66976 | Zot:5    | Gained mutation: Armour fits poorly on your strangely shaped body. [an orb of fire]
 67019 | Zot:5    | HP: 1/242 [fire dragon/blast of flame (12)]
 67019 | Zot:5    | Slain by a mottled draconian shifter

Skill      XL: |  1  2  3  4  5  6  7  8  9 10 11 12 13 14 15 16 17 18 19 20 21 22 23 24 25 26 27 |
---------------+----------------------------------------------------------------------------------+-----
Maces & Flails | 3 4 5 6 8 9 11 12 14 16 17 | 17.1
Armour         | 2 3 4 5 6 9 10 11 13 15 16 17 19 20 | 20.5
Fighting       | 4 6 8 9 10 13 17 20 22 23 25 | 25.1
Shields        | 5 8 10 12 13 15 16 17 19 20 21 23 24 | 24.5
Dodging        | 9 13 | 13.5
Evocations     | 5 9 |  9.7

Action                   |  1- 3 |  4- 6 |  7- 9 | 10-12 | 13-15 | 16-18 | 19-21 | 22-24 | 25-27 || total
-------------------------+-------+-------+-------+-------+-------+-------+-------+-------+-------++-------
Melee: Mace              |   101 |    48 |   113 |       |       |       |       |       |       ||   262
       Unarmed           |       |       |    20 |       |       |       |    11 |       |       ||    31
       Flail             |       |       |   171 |   780 |   172 |       |       |       |       ||  1123
       Eveningstar       |       |       |       |       |   604 |  1717 |  2001 |  1728 |  1893 ||  7943
Invok: Berserk           |       |     1 |     1 |     2 |     5 |     9 |     5 |     5 |     1 ||    29
       Trog's Hand       |       |       |     2 |     1 |     5 |     7 |     8 |     9 |     7 ||    39
       Brothers in Arms  |       |       |       |       |       |     4 |     2 |       |     1 ||     7
Evoke: Wand              |       |       |       |       |       |     2 |       |     3 |    14 ||    19
  Use: Scroll            |       |     4 |    12 |     9 |    12 |    13 |     8 |    15 |    24 ||    97
       Potion            |       |       |       |       |     1 |     5 |     5 |     6 |     7 ||    24
 Stab: Sleeping          |     2 |       |       |     1 |       |       |       |       |       ||     3
       Paralysed         |       |     2 |       |       |       |       |       |       |       ||     2
       Confused          |       |       |       |       |       |       |       |       |     3 ||     3
  Eat: Chunk             |       |     1 |    10 |    32 |    20 |    23 |    33 |    31 |    29 ||   179
       Bread ration      |       |     1 |       |       |       |       |       |       |       ||     1
       Royal jelly       |       |       |       |       |     2 |     2 |       |     1 |     4 ||     9
       Meat ration       |       |       |       |       |     1 |     5 |     1 |     2 |     2 ||    11
Armor: Animal skin       |    11 |       |       |       |       |       |       |       |       ||    11
       Chain mail        |    34 |     6 |       |       |   113 |   691 |   513 |   288 |       ||  1645
       Leather armour    |     2 |       |       |       |       |       |       |       |       ||     2
       Plate armour      |       |    15 |   131 |   204 |    39 |       |       |   132 |       ||   521
       Scale mail        |       |       |       |   118 |    82 |       |       |       |       ||   200
       Gold dragon armou |       |       |       |       |       |       |       |    51 |   794 ||   845
Dodge: Dodged            |    65 |    13 |   116 |   400 |   285 |   910 |  1034 |   761 |   771 ||  4355
       Deflected         |       |       |     6 |     8 |     6 |    14 |    58 |    64 |    53 ||   209
Block: Shield            |       |       |       |       |   374 |  1277 |  1275 |  1336 |  1307 ||  5569
       Reflection        |       |       |       |       |       |       |       |   106 |    10 ||   116
